 Dungeon Crawl Stone Soup version 0.22.0-16-gc6d26f69f9 (webtiles) character file.

36712 Kniotic the Destroyer (level 13, -3/107 HPs)
             Began as a Demigod Conjurer on Aug 18, 2018.
             Hit by a large rock thrown by a stone giant (30 damage)
             ... in a volcano.
             The game lasted 00:50:00 (20802 turns).

Kniotic the Destroyer (Demigod Conjurer)           Turns: 20802, Time: 00:50:00

Health: -3/107     AC: 18    Str: 17    XL:     13   Next: 22%
Magic:  16/35      EV: 10    Int: 31    God:
Gold:   1066       SH:  0    Dex: 22    Spells: 29/38 levels left

rFire    + . .     SeeInvis .   H - +10 trident of Gozag's Condemnation {freeze, *Drain rPois Str+2 Int+4}
rCold    . . .     Gourm    .   (no shield)
rNeg     . . .     Faith    .   v - +8 scale mail of the Wheelwright {Regen+ Str+4 Dex+6}
rPois    +         Spirit   .   U - +1 hat
rElec    .         Reflect  .   y - +1 cloak
rCorr    .         Harm     .   C - +0 pair of gloves
MR       +....                  (no boots)
Stlth    +.........             O - amulet of magic regeneration
HPRegen  0.67/turn              s - ring of protection from fire
MPRegen  0.49/turn              u - ring of wizardry

@: no status effects
A: high mp 1
a: no special abilities


You were in a volcano.
You were not hungry.

You visited 2 branches of the dungeon, and saw 17 of its levels.
You also visited: Volcano.

You collected 1222 gold pieces.
You spent 156 gold pieces at shops.

Inventory:

Hand Weapons
 H - the +10 trident of Gozag's Condemnation (weapon) {freeze, *Drain rPois Str+2 Int+4}
   (You found it on level 9 of the Dungeon)

   It has been specially enchanted to freeze those struck by it, causing extra
   injury to most foes and up to half again as much damage against particularly
   susceptible opponents.
   It can also slow down cold-blooded creatures.
   It affects your strength (+2).
   It affects your intelligence (+4).
   It protects you from poison.
   It causes draining when unequipped.
Armour
 v - the +8 scale mail of the Wheelwright (worn) {Regen+ Str+4 Dex+6}
   (You found it on level 6 of the Dungeon)

   It affects your strength (+4).
   It affects your dexterity (+6).
   It increases your rate of regeneration.
 y - a +1 cloak (worn)
 C - a +0 pair of gloves (worn)
 K - +0 swamp dragon scales
 Q - a +3 troll leather armour {Snorg}
 U - a +1 hat (worn)
Jewellery
 i - an uncursed ring of poison resistance
 s - a ring of protection from fire (left hand)
 u - a ring of wizardry (right hand)
 z - an uncursed ring of stealth
 I - a +2 ring of evasion
 O - an amulet of magic regeneration (around neck)
 R - an uncursed ring of wizardry
Wands
 a - a wand of iceblast (36)
 o - a wand of disintegration (10)
 A - a wand of acid (6)
 D - a wand of polymorph (16)
 G - a wand of paralysis (13)
 M - a wand of flame (57)
 S - a wand of clouds (8)
 T - a wand of random effects (35)
Scrolls
 b - 7 scrolls of teleportation
 d - 6 scrolls of enchant armour
 f - 4 scrolls of enchant weapon
 h - a scroll of magic mapping
 j - a scroll of silence
 l - 12 scrolls of remove curse
 n - 2 scrolls of amnesia
 q - a scroll of fog
 L - 2 scrolls of blinking
Potions
 e - 4 potions of agility
 k - 4 potions of curing
 m - 2 potions of haste
 r - 6 potions of might
 t - a potion of heal wounds
 w - 3 potions of lignification
 x - a potion of mutation
 F - a potion of cancellation
 J - a potion of resistance
 N - a potion of ambrosia
 P - a potion of brilliance {unknown}
 V - a potion of magic {unknown}
Comestibles
 c - 30 rations
 g - 5 chunks of flesh


   Skills:
 * Level 7.8 Fighting
 - Level 1.7 Dodging
 - Level 1.7 Stealth
 + Level 13.3 Spellcasting
 - Level 13.8 Conjurations


You had 29 spell levels left.
You knew the following spells:

 Your Spells              Type           Power        Failure   Level  Hunger
a - Magic Dart            Conj           ####         1%          1    None
b - Iskenderun's Mystic   Conj           #######.     1%          4    None
c - Fulminant Prism       Conj/Hex       ######....   1%          4    None

Your spell library contained the following spells:

 Spells                   Type           Power        Failure   Level  Hunger
 Cause Fear               Hex            ###.......   32%         4    None
 Conjure Flame            Conj/Fire      ######..     1%          3    None
 Slow                     Hex            ###.....     5%          2    None
 Confuse                  Hex            ###.....     11%         3    None
 Mephitic Cloud           Conj/Pois/Air  #####...     1%          3    None
 Blink                    Tloc           N/A          5%          2    None
 Animate Dead             Necr           N/A          32%         4    None
 Pain                     Necr           ###.         3%          1    None
 Animate Skeleton         Necr           N/A          3%          1    None
 Vampiric Draining        Necr           ###.......   11%         3    None
 Call Imp                 Summ           ###.....     5%          2    None
 Regeneration             Chrm/Necr      ###.......   11%         3    None
 Spider Form              Tmut/Pois      ###.......   11%         3    None
 Blade Hands              Tmut           ###.......   65%         5    None
 Ice Form                 Ice/Tmut       ###.....     32%         4    None
 Deflect Missiles         Chrm/Air       ###.......   99%         6    ####...
 Confusing Touch          Hex            ###...       3%          1    None
 Sticks to Snakes         Tmut           ###.....     5%          2    None
 Metabolic Englaciation   Hex/Ice        ###.......   65%         5    None
 Silence                  Hex/Air        ###.......   65%         5    None
 Petrify                  Tmut/Erth      ###.....     32%         4    None
 Beastly Appendage        Tmut           ###...       3%          1    None
 Dazzling Spray           Conj/Hex       ######       1%          3    None
 Force Lance              Conj/Tloc      ######..     1%          4    None
 Searing Ray              Conj           ######       1%          2    None
 Discord                  Hex            ###.......   100%        8    #######
 Gell's Gravitas          Tloc           ###.......   11%         3    None
 Yara's Violent Unravell  Hex/Tmut       ###.......   65%         5    None


Dungeon Overview and Level Annotations

Branches:
Dungeon (13/15)            Temple (0/1) D:7            Lair (4/6) D:11
  Swamp (0/4) Lair:4       Spider (0/4) Lair:4          Orc (0/2) D:10
 Vaults (0/5) D:13

Shops:
D:7 *   D:12 **

Annotations:
D:12 1 runed door, UranusSolar's ghost, journeyman GrFi
D:13 2 runed doors


Innate Abilities, Weirdness & Mutations

You have an increased reservoir of magic. (+10% MP)


Message History

Aiming: Iskenderun's Mystic Blast (safe; 1% risk of failure)
Press: ? - help, Shift-Dir - straight line, f - efreet
Aim: an efreet, wielding a scimitar of flaming (almost dead)
The orb of energy hits the efreet.
You kill the efreet!
A stone giant comes into view.
The stone giant shouts!
The stone giant throws a large rock.
The large rock hits you!
* * * LOW HITPOINT WARNING * * *
There is an open door here.
Things that are here:
a large rock; a flail Evoke which item? (* to show all) (? for menu, Esc to quit)
Aiming: Paralyse
Press: ? - help, Shift-Dir - straight line, f - stone giant
Aim: a stone giant (chance to defeat MR: 6%)
Okay, then.
Okay, then.
The stone giant throws a large rock.
The large rock hits you!!
You die...

≈§§.≈≈§§§≈§≈§≈≈≈≈≈≈≈≈≈≈≈≈≈≈≈≈≈≈≈≈
≈≈§≈§.≈§≈≈§§≈≈≈≈≈≈≈≈,≈,≈≈≈≈≈≈≈≈≈≈
§≈§≈≈≈....§....,,,,,,,,,,,≈≈≈≈≈≈≈
§≈§§§≈≈.##############***,≈≈≈≈≈≈≈
≈≈§≈≈≈≈.#,,,.'.....'.,,,*,≈≈≈≈≈≈≈
≈≈≈≈≈≈≈.#,∩,,#)8_8C#,,∩,*,≈≈≈≈≈≈≈
§§§§§≈≈.#,,,,#..)..#,,,,*,≈≈≈≈≈≈≈
§≈§§§§§.###++###(#**++***,≈≈≈≈≈≈≈
§§≈§§≈≈.#......#@#,,,,,,*,≈≈≈≈≈≈≈
§§§§§§§.######.#.#,******,,≈≈≈≈≈≈
≈≈≈§§≈..#,,,,*,#.#,*,,,,*,≈≈≈≈≈≈≈
≈≈≈≈≈≈≈.#,,,,*,#.#,*,,,,*,,≈≈≈≈≈≈
≈≈≈≈§≈..#,,,,*,#.#,*,,,,*,≈≈≈≈≈≈≈
≈§≈≈§§..#,,,,,,#.#,,,,,,*,≈≈≈≈≈≈≈
≈≈≈≈≈§§.########+######**,≈≈≈≈≈≈≈
≈§§§§≈§≈................,≈≈≈≈≈≈≈≈
≈§§§≈≈§≈≈§§.≈≈§§§≈≈≈≈§§≈≈≈≈≈≈≈≈≈≈


You could see a stone giant.

Vanquished Creatures
  Snorg (D:12)
  A hydra (Lair:3)
  A centaur warrior (D:13)
  6 two-headed ogres
  Sonja (D:13)
  2 unseen horrors
  A wizard (D:13)
  4 ugly things
  A cyclops (D:12)
  2 deep elf magi
  2 manticores
  3 gargoyles
  A black mamba (Lair:2)
  A spiny frog (Lair:4)
  Psyche (D:9)
  4 komodo dragons
  An efreet (Volcano)
  A rime drake (Lair:2)
  A queen bee (D:10)
  A tengu conjurer (D:13)
  2 trolls
  9 blink frogs
  A meliai zombie (D:10)
  10 hippogriffs
  3 shadows
  A vampire (D:13)
  A water elemental (D:13)
  2 wyverns
  4 fire bats
  2 basilisks
  16 yaks
  A steam dragon (D:7)
  4 vampire mosquitoes (D:13)
  2 hungry ghosts
  Edmund (D:6)
  A soldier ant (D:10)
  9 water moccasins
  6 porcupines
  5 ice beasts
  A phantom (D:10)
  A hornet zombie (D:7)
  3 sky beasts
  11 orc warriors
  2 black bears
  A necrophage (D:7)
  An eye of draining (D:11)
  4 wolves (Lair:1)
  20 centaurs
  3 ogres
  5 crocodiles
  3 big kobolds
  24 bullfrogs
  2 earth elementals (Volcano)
  A water moccasin zombie (D:11)
  2 scorpions
  26 killer bees
  12 wights
  2 centaur zombies (D:7)
  7 crimson imps
  3 lava snakes (Volcano)
  A jelly (D:7)
  2 quasits
  3 bullfrog zombies
  6 hounds
  2 bullfrog skeletons
  7 orc priests
  Crazy Yiuf (D:7)
  A centaur skeleton (D:11)
  A gnoll shaman (D:10)
  13 orc wizards
  3 iguanas
  7 worker ants
  3 hound zombies
  A hound skeleton (D:6)
  6 gnolls
  A howler monkey skeleton (D:5)
  14 adders
  6 shadow imps
  An adder skeleton (D:8)
  4 worms
  A dart slug (D:1)
  8 leopard geckos
  54 orcs
  4 ball pythons
  7 giant cockroaches
  7 goblins
  7 hobgoblins
  4 jackals (D:6)
  23 kobolds
  4 quokkas
  9 bats
  5 frilled lizards
  2 jackal zombies
  A quokka zombie (D:5)
  13 rats
  2 fungi (Lair:2)
  A plant (Lair:3)
485 creatures vanquished.

Vanquished Creatures (others)
  24 fulminant prisms
24 creatures vanquished.

Grand Total: 509 creatures vanquished

Notes
Turn   | Place    | Note
-------+----------+-------------------------------------------
     0 | D:1      | Kniotic the Demigod Conjurer began the quest for the Orb.
     0 | D:1      | Reached XP level 1. HP: 14/14 MP: 5/5
   229 | D:1      | Reached XP level 2. HP: 20/20 MP: 0/7
  1279 | D:2      | Reached XP level 3. HP: 11/26 MP: 2/9
  1816 | D:2      | Reached XP level 4. HP: 25/33 MP: 3/11
  2762 | D:3      | Found a sacrificial altar of Ru.
  2880 | D:3      | Found a radiant altar of Vehumet.
  2939 | D:3      | Reached XP level 5. HP: 27/38 MP: 1/13
  3307 | D:3      | Reached skill level 5 in Conjurations
  3921 | D:4      | Found an iron altar of Okawaru.
  4072 | D:4      | Found a glowing silver altar of Zin.
  4450 | D:4      | Learned a level 4 spell: Iskenderun's Mystic Blast
  4451 | D:5      | Entered Level 5 of the Dungeon
  4451 | D:5      | Found a hide-covered altar of Uskayaw.
  4464 | D:5      | Noticed a dagger
  4464 | D:5      | Noticed a hand axe
  4560 | D:5      | Reached XP level 6. HP: 45/45 MP: 2/15
  4719 | D:5      | HP: 2/45 [centaur (6)]
  5155 | D:5      | Learned a level 4 spell: Fulminant Prism
  5575 | D:6      | Reached skill level 5 in Spellcasting
  5575 | D:6      | Reached XP level 7. HP: 50/50 MP: 2/17
  5713 | D:6      | Noticed Edmund
  5722 | D:6      | Killed Edmund
  6128 | D:6      | Found a sparkling altar of Nemelex Xobeh.
  6421 | D:6      | Got a heavily runed scale mail
  6422 | D:6      | Identified the +8 scale mail of the Wheelwright {Regen+ Str+4 Dex+6} (You found it on level 6 of the Dungeon)
  6629 | D:5      | Reached XP level 8. HP: 37/57 MP: 8/20
  8199 | D:7      | Reached XP level 9. HP: 62/62 MP: 12/24
  8572 | D:7      | Found a staircase to the Ecumenical Temple.
  8701 | D:7      | Found a runed door.
  8810 | D:7      | Found Qepteli's General Store.
  8897 | D:7      | Noticed Crazy Yiuf
  8899 | D:7      | Killed Crazy Yiuf
  9338 | D:8      | Noticed a two-headed ogre
  9345 | D:8      | Killed a two-headed ogre
  9345 | D:8      | Reached skill level 10 in Conjurations
  9604 | D:8      | Found an opulent altar of Gozag.
  9616 | D:8      | Found a white marble altar of Elyvilon.
  9616 | D:8      | Found an ornate altar of the Wu Jian Council.
 10364 | D:9      | Reached XP level 10. HP: 58/69 MP: 15/27
 11357 | D:9      | Noticed Psyche
 12072 | D:9      | Killed Psyche
 12072 | D:9      | Reached skill level 10 in Spellcasting
 12131 | D:9      | Got a pitted trident
 12133 | D:9      | Identified the +10 trident of Gozag's Condemnation {freeze, *Drain rPois Str+2 Int+4} (You found it on level 9 of the Dungeon)
 12311 | D:10     | Entered Level 10 of the Dungeon
 12456 | D:10     | Killed an unseen horror
 13125 | D:10     | Reached XP level 11. HP: 72/74 MP: 6/30
 13578 | D:10     | Found a staircase to the Orcish Mines.
 13932 | D:11     | Noticed a two-headed ogre
 13935 | D:11     | Killed a two-headed ogre
 14456 | D:11     | Found a staircase to the Lair.
 14640 | D:12     | Found a sparkling altar of Nemelex Xobeh.
 15127 | D:12     | Found a runed door.
 15375 | D:12     | Found Xaolaxul's Assorted Antiques.
 15383 | D:12     | Bought a small beryl amulet for 130 gold pieces
 15383 | D:12     | Bought a scroll labeled BAGRAAWAT for 26 gold pieces
 15397 | D:12     | Found Worph's General Store.
 15944 | D:12     | Noticed Snorg
 15953 | D:12     | Killed Snorg
 16354 | D:12     | Noticed UranusSolar's ghost (journeyman GrFi)
 16438 | D:13     | Noticed a two-headed ogre
 16438 | D:13     | Noticed a wizard
 16442 | D:13     | Killed a wizard
 16443 | D:13     | Killed a two-headed ogre
 16443 | D:13     | Reached XP level 12. HP: 81/81 MP: 19/32
 16727 | D:13     | Noticed Sonja
 16731 | D:13     | Killed Sonja
 16770 | D:13     | Found a runed door.
 16770 | D:13     | Noticed a merfolk avatar
 16770 | D:13     | Noticed a merfolk impaler
 17003 | D:13     | Found a runed warning-scrawled door.
 17068 | D:13     | Reached skill level 1 in Fighting
 17214 | D:13     | Noticed a centaur warrior
 17218 | D:13     | Killed a centaur warrior
 17609 | D:13     | Found a gate to the Vaults.
 17768 | Lair:1   | Entered Level 1 of the Lair of Beasts
 18626 | Lair:2   | Reached skill level 5 in Fighting
 19669 | Lair:3   | Noticed an eight-headed hydra
 19674 | Lair:3   | Killed an eight-headed hydra
 19674 | Lair:3   | Reached XP level 13. HP: 103/103 MP: 25/35
 20476 | Lair:4   | Found a hole to the Spider Nest.
 20478 | Lair:4   | Found a staircase to the Swamp.
 20644 | Lair:4   | Found a dark tunnel.
 20657 | Volcano  | Entered a volcano
 20788 | Volcano  | Found a radiant altar of Vehumet.
 20800 | Volcano  | Noticed a stone giant
 20802 | Volcano  | Hit by a large rock thrown by a stone giant

Skill      XL: |  1  2  3  4  5  6  7  8  9 10 11 12 13 |
---------------+----------------------------------------+-----
Spellcasting   | 2 3 4 5 6 7 9 10 12 13 | 13.3
Conjurations   | 4 5 6 7 8 10 11 13 | 13.8
Fighting       | 6 7 |  7.8
Dodging        | |  1.7
Stealth        | |  1.7

Action                   |  1- 3 |  4- 6 |  7- 9 | 10-12 | 13-15 || total
-------------------------+-------+-------+-------+-------+-------++-------
Melee: Unarmed           |     7 |       |       |       |       ||     7
       Whip              |       |    17 |   122 |    39 |       ||   178
       Trident           |       |       |       |   217 |    39 ||   256
 Cast: Magic Dart        |    90 |   207 |   348 |   390 |    54 ||  1089
       Iskenderun's Myst |       |     5 |    28 |   223 |    34 ||   290
       Fulminant Prism   |       |       |       |    19 |     5 ||    24
Evoke: Wand              |       |       |     3 |     9 |       ||    12
  Use: Scroll            |       |     3 |    11 |     5 |     8 ||    27
       Potion            |       |     2 |     2 |     2 |       ||     6
  Eat: Chunk             |     3 |    12 |    16 |    24 |     4 ||    59
       Ration            |       |       |       |     2 |       ||     2
Armor: Robe              |     4 |     6 |     3 |       |       ||    13
       Scale mail        |       |       |   179 |   354 |    27 ||   560
Dodge: Dodged            |    10 |    41 |   180 |   332 |    23 ||   586
